 Dungeon Crawl Stone Soup version 0.29-a0-322-g68df515428 (webtiles) character file.

Game seed: 5124378331480726431

5 kae the Firebug (level 1, 0/10 HPs)
             Began as a Tengu Fire Elementalist on Apr 8, 2022.
             Slain by a ball python (2 damage)
             ... on level 1 of the Dungeon.
             The game lasted 00:00:04 (176 turns).

kae the Firebug (Tengu Fire Elementalist)            Turns: 176, Time: 00:00:04

Health: 0/10       AC:  2    Str:  8    XL:     1   Next: 80%
Magic:  0/4        EV:  9    Int: 15    God:
Gold:   0          SH:  0    Dex: 14    Spells: 3/4 levels left

rFire   . . .      SeeInvis .   (no weapon)
rCold   . . .      Faith    .   (no shield)
rNeg    . . .      Spirit   .   a - +0 robe
rPois   .          Reflect  .   (helmet restricted)
rElec   .          Harm     .   (no cloak)
rCorr   .          Rampage  .   (no gloves)
Will    .....                   (boots unavailable)
Stlth   ++........              (no amulet)
HPRegen 0.03/turn               (no ring)
MPRegen 0.09/turn               (no ring)

@: very slightly contaminated, constricted
A: beak, talons 3
a: no special abilities


You were on level 1 of the Dungeon.
You visited 1 branch of the dungeon, and saw 1 of its levels.

Inventory:

Armour
 a - a +0 robe (worn)
Scrolls
 c - a scroll of fog {unknown}
Potions
 b - a potion of magic
 d - a potion of resistance {unknown}


   Skills:
 + Level 0.2 Fighting
 + Level 0.2 Armour
 + Level 2.3 Dodging
 - Level 2.0 Stealth
 + Level 2.1 Spellcasting
 + Level 1.5 Conjurations
 + Level 3.3 Fire Magic


You had 3 spell levels left.
You knew the following spells:

 Your Spells              Type           Power      Damage    Failure   Level
a - Foxfire               Conj/Fire      32%        2x1d5     9%          1

Your spell library contained the following spells:

 Spells                   Type           Power      Damage    Failure   Level
 Scorch                   Fire           22%        2d6       9%          2
 Conjure Flame            Conj/Fire      8%         6-21      24%         3
 Inner Flame              Hex/Fire       6%         N/A       32%         3
 Flame Wave               Conj/Fire      8%         2d5       63%         4


Dungeon Overview and Level Annotations

Branches:
Dungeon (1/15)

Altars:


Innate Abilities, Weirdness & Mutations

You have a beak for a mouth.
You have claws for feet.


Message History

Your foxfire dissipates!
Your foxfire dissipates!
HP restored.
You see here a giant cockroach corpse.
A kobold comes into view. It is wielding a +0 club.
The kobold shouts!
A ball python comes into view.
Casting: Foxfire (safe; 9% risk of failure)
Confirm with . or Enter, or press ? or * to list all spells.
You miscast Foxfire.
You are very lightly contaminated with residual magic.
Nothing appears to happen.
The ball python hisses angrily.
The kobold throws a stone.
The stone hits you but does no damage.
There are monsters nearby!
There are monsters nearby!
Casting: Foxfire (safe; 9% risk of failure)
Confirm with . or Enter, or press ? or * to list all spells.
You conjure some foxfire!
The foxfire hits the kobold.
The kobold is severely wounded.
The foxfire hits the kobold.
You kill the kobold!
A ball python is nearby!
Casting: Foxfire (safe; 9% risk of failure)
Confirm with . or Enter, or press ? or * to list all spells.
You conjure some foxfire!
A ball python is nearby!
Casting: Foxfire (safe; 9% risk of failure)
Confirm with . or Enter, or press ? or * to list all spells.
You conjure some foxfire!
The ball python bites you. The ball python grabs you.
The ball python constricts you.
The foxfire hits the ball python.
The ball python is moderately wounded.
The ball python bites you.
* * * LOW HITPOINT WARNING * * *
The ball python constricts you.
* * * LOW HITPOINT WARNING * * *
The ball python bites you.
You die...

######## ..#######
#...⌠..#
....).S.######......#
#@##......._.⌠#
#vv..###......#
.........#.# #...⌠..#
##################.#...##
#.............>....##..#
#..#..#..#..#...#####..#
#...............# #..#
#..............## #..#
#<........†...># #..#


You could see a ball python (ally target).

Vanquished Creatures
  A bat (D:1)
  A giant cockroach (D:1)
  A kobold (D:1)
  A frilled lizard (D:1)
  A rat (D:1)
5 creatures vanquished.

Vanquished Creatures (others)
  20 foxfires (D:1)
20 creatures vanquished.

Grand Total: 25 creatures vanquished

Notes
Turn   | Place    | Note
-------+----------+-------------------------------------------
     0 | D:1      | kae the Tengu Fire Elementalist began the quest for the
                  | Orb.
     0 | D:1      | Reached XP level 1. HP: 10/10 MP: 4/4
    61 | D:1      | Found a faded altar of an unknown god.
   176 | D:1      | Slain by a ball python

Illustrated notes

Levels and vault maps discovered:
D:1:      lemuel_arrival_broad_hall, layout_loops_ring,
          hellmonk_ecumenical_altar_run_dry

Action                   || total
-------------------------++-------
 Cast: Foxfire           ||    12
Armor: Robe              ||     1

Table legend: (Time is in decaauts)
 A = Elapsed time spent in this place.
 B = Non-inter-level travel time spent in this place.
 C = Inter-level travel time spent in this place.
 D = Time resting spent in this place.
 E = Time spent auto-exploring this place.
 F = Levels seen in this place.
 G = Mean time per level.
                   A        B        C        D        E       F      G
               +--------+--------+--------+--------+--------+-----+--------+
         Total |    176 |    176 |      0 |      0 |    145 |   1 |  176.0 |
       Dungeon |    176 |    176 |      0 |      0 |    145 |   1 |  176.0 |
               +--------+--------+--------+--------+--------+-----+--------+

Top non-repeatable levels by time:
     D:1: 176 daAuts
